 Dungeon Crawl Stone Soup version 0.22-a0-40-g3d2f077 (webtiles) character file.

19971 grindst0ne the Markscentaur (level 12, -1/100 HPs)
             Began as a Centaur Hunter on Jan 4, 2018.
             Was a High Priest of Okawaru.
             Slain by a spiny frog (16 damage)
             ... on level 3 of the Lair of Beasts.
             The game lasted 00:57:16 (17656 turns).

grindst0ne the Markscentaur (Centaur Hunter)       Turns: 17656, Time: 00:57:17

Health: -1/100     AC:  9    Str: 16    XL:     12   Next: 41%
Magic:  19/19      EV:  9    Int: 11    God:    Okawaru [*****.]
Gold:   696        SH:  0    Dex: 13    Spells: 13/21 levels left

rFire    + . .     SeeInvis +   a - +0 longbow
rCold    . . .     Gourm    .   (shield currently unavailable)
rNeg     . . .     Faith    .   x - +2 leather armour {rF+}
rPois    .         Spirit   .   r - +0 helmet
rElec    .         Reflect  .   B - +0 cloak {MR+}
rCorr    +         Harm     .   C - +0 pair of gloves
MR       +....                  (no barding)
Stlth    +.........             J - amulet of magic regeneration
HPRegen  0.26/turn              u - ring of see invisible
MPRegen  0.41/turn              S - ring of resist corrosion

@: very quick
A: large, hooves 3, deformed body, speed 2, tough skin 3
a: Heroism, Finesse, Renounce Religion


You were on level 3 of the Lair of Beasts.
You worshipped Okawaru.
Okawaru was extremely pleased with you.
You were not hungry.

You visited 3 branches of the dungeon, and saw 16 of its levels.

You collected 964 gold pieces.
You spent 268 gold pieces at shops.

Inventory:

Hand Weapons
 a - a +0 longbow (weapon)
 b - a +0 lajatang
 E - a +2 dire flail of freezing
 H - a +1 scimitar of flaming
 X - a +1 shortbow
 Y - a +2 broad axe of venom
Missiles
 d - 31 arrows (quivered)
Armour
 j - a +1 crystal plate armour
 r - a +0 helmet (worn)
 x - a +2 leather armour of fire resistance (worn)
 B - a +0 cloak of magic resistance (worn)
 C - a +0 pair of gloves (worn)
Jewellery
 u - a ring of see invisible (left hand)
 v - an uncursed ring of positive energy
 D - an uncursed ring of protection from cold
 J - an amulet of magic regeneration (around neck)
 S - a ring of resist corrosion (right hand)
Wands
 y - a wand of random effects (11)
 A - a wand of disintegration (8)
 F - a wand of iceblast (29)
 N - a wand of acid (20)
 O - a wand of clouds (14)
 P - a wand of polymorph (13)
Scrolls
 l - 2 scrolls of enchant armour
 m - a scroll of fog {unknown}
 n - 6 scrolls of remove curse
 p - 6 scrolls of teleportation
 q - 2 scrolls of blinking
 t - a scroll of amnesia {unknown}
 G - a scroll of holy word {unknown}
 I - 4 scrolls of fear {unknown}
 M - a scroll of silence {unknown}
 U - a scroll of vulnerability {unknown}
 W - a scroll of brand weapon {unknown}
Potions
 e - 9 potions of curing
 g - a potion of flight
 h - 4 potions of ambrosia
 i - 3 potions of magic
 k - 3 potions of invisibility
 o - 3 potions of heal wounds
 s - 3 potions of lignification
 w - 2 potions of haste
 z - 2 potions of brilliance
 K - 2 potions of mutation
Books
 c - a book of Necromancy

   Spells                             Type                      Level
   a - Pain                           Necromancy                   1
   b - Animate Skeleton               Necromancy                   1
   c - Vampiric Draining              Necromancy                   3
   d - Regeneration                   Charms/Necromancy            3
   e - Animate Dead                   Necromancy                   4
   f - Borgnjor's Vile Clutch         Necromancy/Earth             5
 L - a book of Frost

   Spells                             Type                      Level
   a - Freeze                         Ice                          1
   b - Throw Frost                    Conjuration/Ice              2
   c - Ozocubu's Armour               Charms/Ice                   3
   d - Throw Icicle                   Conjuration/Ice              4
   e - Summon Ice Beast               Ice/Summoning                4
 Q - a book of Callings

   Spells                             Type                      Level
   a - Summon Small Mammal            Summoning                    1
   b - Call Imp                       Summoning                    2
   c - Call Canine Familiar           Summoning                    3
   d - Summon Guardian Golem          Hexes/Summoning              3
   e - Summon Lightning Spire         Summoning/Air                4
   f - Summon Ice Beast               Ice/Summoning                4
 T - a book of Debilitation

   Spells                             Type                      Level
   a - Corona                         Hexes                        1
   b - Slow                           Hexes                        2
   c - Inner Flame                    Hexes/Fire                   3
   d - Portal Projectile              Hexes/Translocation          3
   e - Cause Fear                     Hexes                        4
   f - Leda's Liquefaction            Hexes/Earth                  4
Miscellaneous
 R - a box of beasts
Comestibles
 f - 28 rations


   Skills:
 + Level 7.3 Fighting
 + Level 16.0 Bows
 - Level 1.3 Dodging
 - Level 0.4 Stealth
 - Level 5.0 Spellcasting
 - Level 7.0 Charms
 - Level 7.0 Necromancy
 - Level 5.0 Invocations
 - Level 6.0 Evocations


You had 13 spell levels left.
You knew the following spells:

 Your Spells              Type           Power        Failure   Level  Hunger
b - Borgnjor's Vile Clut  Necr/Erth      ##........   86%         5    ######.
z - Regeneration          Chrm/Necr      ###.......   4%          3    ###....


Dungeon Overview and Level Annotations

Branches:
Dungeon (11/15)            Temple (1/1) D:6            Lair (4/6) D:11
 Shoals (0/4) Lair:3        Snake (0/4) Lair:3          Orc (0/2) D:11

Altars:
Ashenzari
Cheibriados
Dithmenos
Elyvilon
Fedhas
Gozag
Hepliaklqana
Kikubaaqudgha
Makhleb
Nemelex Xobeh
Okawaru
Qazlal
Ru
Sif Muna
Trog
Uskayaw
Vehumet
Wu Jian
Xom
Yredelemnul
Zin
The Shining One

Shops:
D:4 [   D:5 *   D:7 *

Portals:
Trove: D:11 (give 8 potions of agility)

Annotations:
Lair:3 exclusion: downstairs
Lair:4 Snorg


Innate Abilities, Weirdness & Mutations

You have hooves in place of feet.
Armour fits poorly on your strangely shaped body.
You cover ground very quickly.
You have extremely tough skin. (AC +3)


Message History

You shoot an arrow. The arrow hits the spiny frog.
The spiny frog is almost dead.
The spiny frog stings you!
* * * LOW HITPOINT WARNING * * *
You are poisoned.
The spiny frog poisons you!
You feel sick.
You feel sick.
You feel sick.
You feel sick.
You feel sick.
You feel better. The spiny frog stings you!
* * * LOW HITPOINT WARNING * * *
Firing (i - inventory):
d - 32 arrows (quivered)
Press: ? - help, Shift-Dir - straight line, f/p - spiny frog
Aim: a spiny frog (severely wounded)
You shoot an arrow. The arrow hits the spiny frog.
The spiny frog is almost dead.
The spiny frog stings you!
You die...

# ##......>......# ## #
#P.#≈.♣...♣≈≈### #. #
#..#.P♣♣.♣♣.♣# #. ##.#≈P≈≈)♣≈≈P#
#. # ### ##.##♣.P)≈≈≈### #.
#####.###..# ###.####.# ######.
..#...##..#####.......#####.#.#..
.................................
................@F(......(((.(...
..............................<..
.................[...............
##.#####.P.##.##.#....######.####
### ##########.#...## ### #
##..)..# ##....# ##...## #....#


You could see a spiny frog.

Vanquished Creatures
  2 hydras
  A vault guard (D:11)
  A two-headed ogre (D:9)
  Erica (D:8)
  2 unseen horrors (D:11)
  An oklob plant (D:11)
  A salamander (shapeshifter) (D:11)
  A black mamba (Lair:4)
  4 spiny frogs
  A centaur skeleton (D:10)
  A rime drake (Lair:4)
  3 komodo dragons
  2 trolls (D:11)
  2 blink frogs (Lair:4)
  4 hippogriffs
  A human (D:8)
  28 yaks
  A wraith (D:11)
  2 hogs (D:8)
  3 nagas (Lair:3)
  A water moccasin (Lair:1)
  An orc warrior (D:8)
  3 porcupines
  2 ice beasts (D:11)
  A black bear (Lair:1)
  3 necrophages (Lair:2)
  2 phantoms
  6 ogres
  9 wolves
  3 centaurs
  A crocodile (Lair:2)
  6 bullfrogs
  2 big kobolds
  2 wyvern zombies
  3 scorpions
  8 killer bees
  7 wights
  A howler monkey (D:4)
  7 crimson imps
  3 hounds
  A quasit (D:6)
  A centaur zombie (D:5)
  4 orc priests
  A bullfrog skeleton (D:6)
  3 jellies
  An iguana (D:9)
  Natasha (thrice) (D:3)
  8 orc wizards
  8 worker ants
  2 hound skeletons
  Robin (D:4)
  2 worker ant zombies
  14 adders
  8 gnolls
  A howler monkey skeleton (D:8)
  A shadow imp (D:6)
  An ooze (D:5)
  2 adder skeletons
  2 worms
  A dart slug (D:1)
  6 leopard geckos
  36 orcs
  3 ball pythons
  2 giant cockroaches (D:1)
  20 goblins
  7 hobgoblins
  19 jackals
  13 kobolds
  3 quokkas
  4 bats (D:1)
  4 frilled lizards
  A jackal zombie (D:5)
  A leopard gecko zombie (D:5)
  A quokka skeleton (D:6)
  A quokka zombie (D:4)
  11 rats
  A fungus (Lair:2)
  A plant (D:11)
332 creatures vanquished.

Vanquished Creatures (others)
  4 fungi
4 creatures vanquished.

Grand Total: 336 creatures vanquished

Notes
Turn   | Place    | Note
-------+----------+-------------------------------------------
     0 | D:1      | grindst0ne the Centaur Hunter began the quest for the Orb.
     0 | D:1      | Reached XP level 1. HP: 17/17 MP: 1/1
    92 | D:1      | Reached XP level 2. HP: 24/24 MP: 2/2
   207 | D:1      | Reached skill level 6 in Bows
   384 | D:1      | Reached XP level 3. HP: 30/30 MP: 3/3
   727 | D:2      | Reached XP level 4. HP: 26/38 MP: 4/4
   859 | D:2      | Reached skill level 7 in Bows
  1820 | D:3      | Reached XP level 5. HP: 45/45 MP: 5/5
  2375 | D:3      | Noticed Natasha
  2382 | D:3      | Killed Natasha
  2645 | D:3      | Noticed Natasha
  2648 | D:3      | Killed Natasha
  2648 | D:3      | Reached skill level 8 in Bows
  2759 | D:3      | Noticed Natasha
  2762 | D:3      | Killed Natasha
  2868 | D:4      | Reached XP level 6. HP: 52/52 MP: 6/6
  3049 | D:4      | Reached skill level 9 in Bows
  3108 | D:4      | Found a shimmering altar of Xom.
  3270 | D:3      | Reached XP level 7. HP: 23/60 MP: 7/7
  3846 | D:4      | Noticed Robin
  3850 | D:4      | Reached skill level 10 in Bows
  3861 | D:4      | Killed Robin
  3861 | D:4      | Reached skill level 5 in Fighting
  4165 | D:4      | Found Quhe's Armour Emporium.
  4168 | D:4      | Bought a +0 cloak of magic resistance for 138 gold pieces
  4422 | D:5      | Entered Level 5 of the Dungeon
  4622 | D:5      | Found Dimao's Assorted Antiques.
  4697 | D:5      | Bought an ancient glass ring for 130 gold pieces
  4697 | D:5      | Identified the cursed ring of Gazxostra {EV-2 Str-2 Int+8} (You bought it in a shop on level 5 of the Dungeon)
  5096 | D:5      | Noticed a hippogriff
  5193 | D:5      | Reached skill level 11 in Bows
  5311 | D:5      | Reached XP level 8. HP: 51/69 MP: 8/8
  5464 | D:5      | Killed a hippogriff
  5553 | D:5      | Learned a level 3 spell: Regeneration
  6139 | D:6      | Reached skill level 1 in Charms
  6139 | D:6      | Reached skill level 1 in Necromancy
  6291 | D:6      | Reached skill level 12 in Bows
  6648 | D:6      | Found a staircase to the Ecumenical Temple.
  6657 | Temple   | Entered the Ecumenical Temple
  6801 | Temple   | Became a worshipper of Warmaster Okawaru
  7194 | D:7      | Found a bloodstained altar of Trog.
  7197 | D:7      | Found a stormy altar of Qazlal.
  7221 | D:7      | Found a sparkling altar of Nemelex Xobeh.
  7221 | D:7      | Found a deep blue altar of Sif Muna.
  7224 | D:7      | Found a snail-covered altar of Cheibriados.
  7268 | D:7      | Found Gupsoepp's Assorted Antiques.
  7459 | D:7      | Reached XP level 9. HP: 69/75 MP: 9/9
  7496 | D:7      | Reached * piety under Okawaru
  7746 | D:7      | Reached skill level 13 in Bows
  8066 | D:8      | Noticed Erica
  8080 | D:8      | Killed Erica
  8816 | D:8      | Reached skill level 14 in Bows
  8832 | D:8      | Reached ** piety under Okawaru
  9160 | D:9      | Reached XP level 10. HP: 83/83 MP: 10/10
  9300 | D:9      | Reached *** piety under Okawaru
  9314 | D:9      | Reached skill level 5 in Charms
  9365 | D:9      | Noticed a two-headed ogre
  9384 | D:9      | Killed a two-headed ogre
  9384 | D:9      | Reached skill level 15 in Bows
  9384 | D:9      | Reached skill level 5 in Necromancy
  9473 | D:9      | Learned a level 5 spell: Borgnjor's Vile Clutch
  9813 | D:10     | Entered Level 10 of the Dungeon
  9820 | D:10     | Received a gift from Okawaru
 10230 | D:10     | Reached skill level 1 in Evocations
 10296 | D:10     | Reached skill level 1 in Invocations
 10300 | D:10     | Reached **** piety under Okawaru
 11512 | D:11     | Reached XP level 11. HP: 50/89 MP: 13/13
 11658 | D:11     | Noticed a vault guard
 11752 | D:11     | Killed a vault guard
 11752 | D:11     | Reached ***** piety under Okawaru
 12371 | D:11     | Found a staircase to the Lair.
 12387 | D:11     | Noticed an oklob plant
 12407 | D:11     | Noticed an unseen horror
 12443 | D:11     | Received a gift from Okawaru
 12447 | D:11     | Killed an unseen horror
 12515 | D:11     | Noticed an unseen horror
 12517 | D:11     | Killed an unseen horror
 12517 | D:11     | Reached skill level 5 in Evocations
 13001 | D:11     | Found a staircase to the Orcish Mines.
 13075 | D:11     | Found a portal to a secret trove of treasure.
 13323 | D:11     | Killed an oklob plant
 13439 | Lair:1   | Entered Level 1 of the Lair of Beasts
 13460 | Lair:1   | Noticed a five-headed hydra
 13473 | Lair:1   | Killed a five-headed hydra
 13473 | Lair:1   | Received a gift from Okawaru
 13672 | Lair:1   | Reached skill level 5 in Invocations
 13908 | Lair:1   | Reached skill level 1 in Spellcasting
 15164 | Lair:1   | Reached XP level 12. HP: 38/96 MP: 17/17
 15536 | Lair:2   | Noticed a four-headed hydra
 15553 | Lair:2   | Killed a four-headed hydra
 16266 | Lair:3   | Found a staircase to the Snake Pit.
 16429 | Lair:3   | Found a staircase to the Shoals.
 16670 | Lair:4   | Reached skill level 5 in Spellcasting
 16879 | Lair:4   | Noticed Snorg
 17558 | Lair:4   | Reached skill level 16 in Bows
 17656 | Lair:3   | Slain by a spiny frog

Vault maps used:
D:1:      ncdulo_halloftheorcs
D:2:      mumra_celtic_spiral_tile
D:3:      serial_park_tiny_2, corexii_leaking_fountain, uniq_natasha
D:4:      kennysheep_goblin_castle, xom_butterflies, first_ration, serial_shops,
          kennysheep_mini
D:5:      serial_shops, nicolae_shop_trees, small_statue_intersection,
          st_stairs_3
D:6:      minmay_temple_entry_overgrown
D:7:      grunt_temple_overflow_open, serial_shops, shop
D:8:      grunt_livestock, uniq_erica
D:11:     dpeg_oklobed_lair, orc_0_dummy, enter_trove_5
Temple:   eino_temple_rhombus
Lair:2:   roderic_carrion_pond
Lair:3:   shoals_dummy_entry, guppyfry_snake_entry_garden, st_stairs_9
Lair:4:   fungi_pond_lemuel, uniq_snorg

Skill      XL: |  1  2  3  4  5  6  7  8  9 10 11 12 |
---------------+-------------------------------------+-----
Bows           | 6 7 8 9 11 12 14 15 16 | 16.0
Fighting       | 3 4 5 6 7 |  7.3
Charms         | 2 4 6 7 |  7.0
Necromancy     | 2 4 6 7 |  7.0
Evocations     | 3 6 |  6.0
Invocations    | 2 5 |  5.0
Spellcasting   | 3 5 |  5.0
Dodging        | |  1.3
Stealth        | |  0.4

Action                   |  1- 3 |  4- 6 |  7- 9 | 10-12 || total
-------------------------+-------+-------+-------+-------++-------
Melee: Dire flail        |       |       |     2 |       ||     2
       Kick              |       |       |     1 |    10 ||    11
       Lajatang          |       |       |       |    14 ||    14
 Fire: Shortbow          |    97 |   172 |   573 |   778 ||  1620
       Longbow           |       |       |       |   155 ||   155
 Cast: Regeneration      |       |       |       |     1 ||     1
Evoke: Wand              |       |       |       |    21 ||    21
  Use: Scroll            |       |       |    13 |     6 ||    19
       Potion            |       |       |       |     4 ||     4
  Eat: Chunk             |       |     4 |    14 |    17 ||    35
       Ration            |       |       |       |     1 ||     1
Armor: Leather armour    |    15 |    15 |    63 |    72 ||   165
Dodge: Dodged            |    19 |    23 |    68 |    91 ||   201

Table legend:
 A = Spawn XP
 B = Non-spawn XP
 C = Spawn XP percentage of total XP
 D = Spawn monster count
 E = Non-spawn monster count
 F = Spawn count percentage of total count
 G = Total turns spent on level
                    A         B        C        D         E        F      G
               +---------+---------+-------+---------+---------+-------+---------
         Total |       0 |   28530 |   0.0 |       0 |     330 |   0.0 | 17656
               +---------+---------+-------+---------+---------+-------+---------
           D:1 |       0 |      56 |   0.0 |       0 |      24 |   0.0 |   620
           D:2 |       0 |     110 |   0.0 |       0 |      15 |   0.0 |  1022
           D:3 |       0 |     255 |   0.0 |       0 |      28 |   0.0 |  1460
           D:4 |       0 |     572 |   0.0 |       0 |      40 |   0.0 |  1320
           D:5 |       0 |     984 |   0.0 |       0 |      34 |   0.0 |  1703
           D:6 |       0 |     389 |   0.0 |       0 |      16 |   0.0 |   893
           D:7 |       0 |     880 |   0.0 |       0 |      20 |   0.0 |   887
           D:8 |       0 |    2145 |   0.0 |       0 |      17 |   0.0 |   982
           D:9 |       0 |    2562 |   0.0 |       0 |      19 |   0.0 |   765
          D:10 |       0 |    1445 |   0.0 |       0 |      28 |   0.0 |  1227
          D:11 |       0 |    7534 |   0.0 |       0 |      38 |   0.0 |  2399
        Lair:1 |       0 |    4071 |   0.0 |       0 |      17 |   0.0 |  1735
        Lair:2 |       0 |    2828 |   0.0 |       0 |      13 |   0.0 |   948
        Lair:3 |       0 |    1153 |   0.0 |       0 |       7 |   0.0 |   873
        Lair:4 |       0 |    3546 |   0.0 |       0 |      14 |   0.0 |   661
               +---------+---------+-------+---------+---------+-------+---------
